AoeStats
← Milaad

Black Forest

507630425Analyzed
4v4 RM · 14d ago on Sep 19, 2026· 53m 45s· 8 players
Game mode
Random Map
Map size
Large (8 player)
Population
200
Speed
Normal
Resources
Standard
Victory
Conquest
Starting age
Dark Age
Ending age
Imperial Age
RankedLock teamsTeams togetherTeam positionsShared explorationLock speedFull tech treeHidden civsTurbo modeCheats
Victory
Defeat
🇭🇰 Khmer · Hong Kong SAR China
1136
+14
🇮🇱 Britons · Israel
1123
+14
🇨🇳 Bohemians · China
1101
+15
🇨🇳 Mongols · China
1002
+20
🇺🇸 Franks · United States
1158
-19
🇺🇸 Turks · United States
1102
-16
🇺🇸 Ethiopians · United States
1094
-16
🇺🇸 Byzantines · United States
994
-12
AM830 MK
10:26 Loom
12:14 Feudal Age
17:53 Castle Age
16:19 Double-Bit Axe
17:32 Horse Collar
28:50 Wheelbarrow
29:27 Forging
29:22 Scale Barding Armor
29:58 Bow Saw
30:02 Stone Mining
30:02 Gold Mining
30:30 Bloodlines
31:23 Husbandry
32:23 Hand Cart
31:53 Town Watch
33:41 Heavy Plow
38:11 Imperial Age
36:31 Caravan
37:39 Chain Barding Armor
37:55 Iron Casting
37:54 Tusk Swords
38:36 Elite Battle Elephant
40:22 Plate Barding Armor
40:16 Conscription
42:44 Elite Ballista Elephant
45:33 Crop Rotation
50:32 Blast Furnace
50:35 Chemistry
49:56 Ballistics
49:42 Siege Engineers
哥特近卫军
2:56 Loom
12:38 Feudal Age
15:53 Town Watch
18:22 Castle Age
16:55 Double-Bit Axe
16:53 Horse Collar
24:48 Wheelbarrow
31:03 Heavy Plow
31:37 Gold Mining
32:45 Hand Cart
34:33 Padded Archer Armor
34:24 Fletching
35:03 Bow Saw
35:00 Caravan
37:40 Imperial Age
35:59 Town Patrol
36:56 Bodkin Arrow
37:07 Scale Barding Armor
37:21 Leather Archer Armor
38:53 Conscription
38:37 Nomads
37:59 Elite Mangudai
38:45 Nomads
39:06 Drill
39:49 Chemistry
39:12 Ballistics
39:03 Masonry
39:24 Parthian Tactics
39:06 Thumb Ring
40:08 Hoardings
40:52 Bloodlines
40:42 Husbandry
40:03 Light Cavalry
40:56 Siege Engineers
45:01 Herbal Medicine
45:20 Hussar
50:00 Bracer
50:11 Forging
50:21 Chain Barding Armor
51:14 Onager
51:18 Capped Ram
52:35 Coinage
Mike
3:02 Loom
11:14 Feudal Age
17:52 Castle Age
17:38 Double-Bit Axe
17:33 Horse Collar
18:50 Bow Saw
19:53 Heavy Plow
20:35 Wheelbarrow
23:22 Hand Cart
25:48 Stone Mining
26:09 Town Watch
26:30 Gold Mining
27:36 Scale Mail Armor
27:28 Fletching
27:39 Padded Archer Armor
29:23 Bodkin Arrow
31:29 Yeomen
31:26 Leather Archer Armor
32:04 Town Patrol
31:56 Crossbowman
31:59 Elite Skirmisher
36:59 Imperial Age
34:46 Fortified Wall
35:02 Ballistics
35:47 Gold Shaft Mining
38:46 Hoardings
37:32 Elite Longbowman
38:36 Bracer
39:07 Ring Archer Armor
39:42 Chemistry
38:49 Siege Engineers
38:29 Arbalester
40:15 Conscription
43:12 Warwolf
Francis
0:44 Loom
16:08 Feudal Age
22:41 Castle Age
20:52 Double-Bit Axe
21:45 Horse Collar
28:52 Fervor
28:29 Treadmill Crane
32:07 Wheelbarrow
32:16 Sanctity
33:14 Fortified Wall
33:11 Heavy Plow
33:29 Bow Saw
37:49 Imperial Age
35:05 Town Watch
35:56 Town Patrol
37:57 Chemistry
36:49 Fletching
37:22 Padded Archer Armor
37:49 Ballistics
38:28 Bodkin Arrow
39:22 Conscription
40:22 Two-Man Saw
40:53 Bracer
41:09 Leather Archer Armor
41:58 Hand Cart
41:47 Houfnice
42:35 Pikeman
43:15 Squires
43:00 Arson
43:33 Masonry
43:27 Scale Mail Armor
43:38 Forging
44:59 Chain Mail Armor
45:15 Ring Archer Armor
46:03 Halberdier
48:30 Caravan
51:30 Coinage
52:08 Iron Casting
52:11 Plate Mail Armor
54:36 Banking
Streetlamp Le Moose
0:28 Loom
16:25 Feudal Age
17:04 Double-Bit Axe
24:06 Castle Age
23:29 Horse Collar
25:06 Wheelbarrow
25:08 Bow Saw
28:11 Town Watch
28:48 Hand Cart
28:44 Fishing Lines
29:24 Heavy Plow
31:39 Gillnets
37:44 Imperial Age
35:24 Fletching
36:09 Bodkin Arrow
36:15 Padded Archer Armor
35:38 Crossbowman
36:47 Ballistics
36:39 Masonry
37:17 Town Patrol
37:29 Thumb Ring
37:52 Gold Mining
37:53 Stone Mining
38:40 Leather Archer Armor
38:26 Bracer
39:29 Chemistry
39:02 Architecture
40:07 Ring Archer Armor
39:45 Siege Engineers
40:03 Conscription
41:00 Two-Man Saw
40:56 Forging
40:19 Arbalester
41:11 Royal Heirs
42:05 Scale Barding Armor
41:31 Heavy Camel Rider
43:19 Elite Skirmisher
45:18 Chain Barding Armor
46:31 Iron Casting
rashbalash
9:58 Loom
18:25 Feudal Age
18:55 Horse Collar
21:09 Double-Bit Axe
24:50 Castle Age
23:43 Gold Mining
26:54 Husbandry
30:29 Wheelbarrow
31:35 Stone Mining
32:22 Gold Shaft Mining
38:03 Imperial Age
36:03 Hand Cart
35:58 Murder Holes
36:23 Forging
36:21 Scale Barding Armor
36:30 Bow Saw
37:06 Stone Mining
39:10 Stone Shaft Mining
38:12 Heavy Camel Rider
38:56 Squires
39:01 Padded Archer Armor
39:34 Elite Skirmisher
40:35 Leather Archer Armor
40:12 Fletching
41:42 Two-Man Saw
41:08 Conscription
43:52 Bodkin Arrow
44:21 Chain Barding Armor
43:58 Bodkin Arrow
44:43 Heavy Plow
53:47 Ring Archer Armor
Cthpoolu
0:29 Loom
18:20 Feudal Age
24:09 Castle Age
22:25 Double-Bit Axe
24:51 Stone Mining
25:39 Bow Saw
25:24 Fletching
30:12 Wheelbarrow
34:53 Fortified Wall
35:48 Hand Cart
37:31 Caravan
40:37 Imperial Age
38:41 Scale Barding Armor
38:47 Forging
39:14 Scale Mail Armor
39:31 Husbandry
38:52 Light Cavalry
39:55 Chain Barding Armor
39:42 Bodkin Arrow
41:12 #83
41:08 Cavalier
42:10 Conscription
42:54 Chemistry
43:21 Plate Barding Armor
43:22 Iron Casting
43:02 Chain Mail Armor
42:44 Paladin
43:55 Ballistics
45:13 Blast Furnace
47:06 Plate Mail Armor
49:14 Padded Archer Armor
Milaad
1:42 Loom
12:58 Feudal Age
14:35 Wheelbarrow
19:15 Double-Bit Axe
22:37 Castle Age
23:47 Bow Saw
26:33 Horse Collar
30:45 Imperial Age
31:51 Hand Cart
32:43 Ballistics
32:29 Padded Archer Armor
32:20 Fletching
34:46 Bodkin Arrow
35:07 Leather Archer Armor
35:51 Gold Mining
37:47 Bloodlines
38:47 Ring Archer Armor
38:20 Heavy Plow
39:59 Two-Man Saw
46:02 Scale Barding Armor
46:08 Forging
Connection lost

Rejoining the realm…

Still unreachable

The connection could not be restored.

Session expired

The server has moved on; the page needs a fresh start.